 Dungeon Crawl Stone Soup version 0.31.0-11-ge490571c62 (webtiles) character file.

Game seed: 28627843136698957

26 SnakkuSnakku7 the Conjurer (level 3, 0/28 HPs)
             Began as a Merfolk Conjurer on Feb 1, 2024.
             Constricted to death by a ball python (1 damage)
             ... on level 2 of the Dungeon.
             The game lasted 00:02:18 (960 turns).

SnakkuSnakku7 the Conjurer (Merfolk Conjurer)        Turns: 960, Time: 00:02:19

Health: 0/28       AC:  2    Str:  7    XL:     3   Next: 8%
Magic:  3/6        EV:  9    Int: 17    God:
Gold:   45         SH:  0    Dex: 14    Spells: 5/6 levels left

rFire   . . .        a - +0 rapier
rCold   . . .        (no shield)
rNeg    . . .        d - +0 robe
rPois   .            (no helmet)
rElec   .            (no cloak)
rCorr   .            (no gloves)
SInv    .            (no boots)
Will    .....        (no amulet)
Stlth   ++           (no ring)
HPRegen 0.24/turn    (no ring)
MPRegen 0.10/turn

%: no passive effects
@: lethally poisoned (0 -> -19), constricted
A: (nimble swimmer 2), mertail
a: no special abilities


You were on level 2 of the Dungeon.
You visited 1 branch of the dungeon, and saw 2 of its levels.

You collected 45 gold pieces.

Inventory:

Hand Weapons
 a - a +0 rapier (weapon)
Armour
 d - a +0 robe (worn)
Scrolls
 e - 2 scrolls of identify {unknown}
 f - a scroll of poison {unknown}
Potions
 b - a potion of magic
 c - 2 potions of curing {unknown}
 g - a potion of brilliance {unknown}


   Skills:
 - Level 2.4 Fighting
 + Level 1.4 Short Blades
 - Level 2.6 Dodging
 - Level 2.1 Stealth
 - Level 2.0 Spellcasting
 - Level 3.2 Conjurations


You had 5 spell levels left.
You knew the following spells:

 Your Spells              Type           Power      Damage    Failure   Level
a - Magic Dart            Conj           48%        1d5       4%          1

Your spell library contained the following spells:

 Spells                   Type           Power      Damage    Failure   Level
 Searing Ray              Conj           24%        2d5       8%          2
 Fulminant Prism          Conj/Alch      3%         3d5       69%         4
 Iskenderun's Mystic Bla  Conj/Tloc      7%         2d4       69%         4


Dungeon Overview and Level Annotations

Branches:
Dungeon (2/15)

Altars:


Innate Abilities, Weirdness & Mutations

((You are very nimble when in or above water. (Stealth+, EV+, Speed+++)))
Your lower body shifts to a powerful aquatic tail in water.


Message History

The ball python bites you but does no damage.
The ball python constricts you.
You hit the ball python but do no damage.
The ball python is heavily wounded.
You feel very sick. The ball python bites you. The ball python constricts you.
The kobold hits you but does no damage.
You are lethally poisoned!
The ball python barely misses you. The ball python constricts you.
Aiming: Magic Dart (safe; 4% risk of failure)
Press: ? - help, Q - select action Shift-Dir - straight line, f - kobold
Aim: a kobold, wielding a +2 short sword of venom (100% to hit)
The magic dart hits the kobold.
The kobold is severely wounded.
You feel very sick. The kobold completely misses you.
The ball python bites you but does no damage.
The ball python constricts you.
Aiming: Magic Dart (safe; 4% risk of failure)
Press: ? - help, Q - select action Shift-Dir - straight line, f/p - kobold
Aim: a kobold, wielding a +2 short sword of venom (severely wounded, 100% to hit)
The magic dart hits the kobold but does no damage.
The kobold is severely wounded.
You feel very sick.
The kobold hits you with a +2 short sword of venom.
* * * LOW HITPOINT WARNING * * *
You are more poisoned.
The ball python bites you.
* * * LOW HITPOINT WARNING * * *
The ball python constricts you.
Unknown command.
Aiming: Magic Dart (safe; 4% risk of failure)
Press: ? - help, Q - select action Shift-Dir - straight line, f/p - kobold
Aim: a kobold, wielding a +2 short sword of venom (severely wounded, 100% to hit)
The magic dart hits the kobold.
You kill the kobold!
* * * LOW HITPOINT WARNING * * *
You feel very sick. The ball python barely misses you.
The ball python constricts you.
You die...

##. .##
###########.. ....
....#....... .....
...........##....#
...........<..#
............###
............#
............#
......)@....#
......S.....#
.............#
.............#
###.....)....#
#............
#.......(..##
##########..


You could see a ball python.

Vanquished Creatures
  5 endoplasms (D:1)
  4 giant cockroaches (D:1)
  A goblin (D:1)
  3 jackals (D:1)
  A quokka (D:1)
  A ball python (D:2)
  3 bats (D:1)
  A frilled lizard (D:1)
  2 kobolds
  3 rats (D:1)
24 creatures vanquished.

Notes
Turn   | Place    | Note
-------+----------+-------------------------------------------
     0 | D:1      | SnakkuSnakku7 the Merfolk Conjurer began the quest for the
                  | Orb.
     0 | D:1      | Reached XP level 1. HP: 13/13 MP: 3/3
    99 | D:1      | Reached skill level 1 in Fighting
   210 | D:1      | Reached XP level 2. HP: 22/22 MP: 1/5
   678 | D:1      | Reached skill level 1 in Short Blades
   716 | D:1      | Reached XP level 3. HP: 19/28 MP: 6/6
   960 | D:2      | HP: 1/28 [poisoned by a kobold]
   960 | D:2      | Constricted to death by a ball python

Illustrated notes

Levels and vault maps discovered:
D:1:      nzn_arrival_water_spiral, layout_loops_ring, reono_crystal_passage
D:2:      layout_rooms, serial_glass, glass_columns_a, glass_columns_c,
          basic_altar

Skill      XL: |  1  2 |
---------------+-------+-----
Fighting       | 1 2 |  2.4
Short Blades   | 1 |  1.4
Dodging        | |  2.6
Stealth        | |  2.1
Spellcasting   | |  2.0
Conjurations   | |  3.2

Action                     || total
---------------------------++-------
  Melee: Unarmed           ||    63
         Punch             ||     1
         Rapier            ||    25
   Cast: Magic Dart        ||    35
 Armour: Robe              ||    58
  Dodge: Dodged            ||    88
